TOP OF THE 1ST |
District 9 Prawns batting - Pitching for Mile High Broncos : RHP Fernand Picard
|
Pitching: RHP Fernand Picard
|
|
Batting: LHB Enrique Nalasco
|
0-0: Ball 1-0: Swinging Strike 1-1: Ball 2-1: Ball 3-1: Called Strike 3-2: Strikes out swinging
|
Batting: RHB Alonso Holguín
|
0-0: Swinging Strike 0-1: Ball 1-1: Ball 2-1: Called Strike 2-2: Foul Ball, location: 2F 2-2: Strikes out swinging
|
Batting: LHB Leland Hardy
|
0-0: Ball 1-0: Called Strike 1-1: Ball 2-1: Fly out, F4 (Popup, 4MS)
|
Top of the 1st over - 0 run(s), 0 hit(s), 0 error(s), 0 left on base; District 9 0 - Mile High 0 |
BOTTOM OF THE 1ST |
Mile High Broncos batting - Pitching for District 9 Prawns : RHP Víctor Ventura
|
Pitching: RHP Víctor Ventura
|
|
Batting: RHB Damian Yates
|
0-0: Ball 1-0: Called Strike 1-1: Ball 2-1: Ball 3-1: Base on Balls
|
Batting: LHB Diego González
|
0-0: Ball Wild Pitch! Damian Yates to second 1-0: Ball 2-0: Swinging Strike 2-1: Ball 3-1: Base on Balls
|
Batting: RHB Juan Jose Guevana
|
0-0: Ball 1-0: Ball 2-0: Ball 3-0: Called Strike 3-1: Base on Balls Damian Yates to third Diego González to second
|
Batting: LHB Bill Houston
|
0-0: Fly out, F3 (Line Drive, 3)
|
Batting: SHB Tom Stevens
|
0-0: Foul Ball, location: 2F 0-1: Foul Ball, location: 2F 0-2: Foul Ball, location: 2F 0-2: SINGLE (Groundball, 34D) Damian Yates scores Diego González to third Juan Jose Guevana to second Runner from 3rd tries for Home, SAFE, no throw or cutoff
|
Batting: RHB José Herrera
|
0-0: Ball 1-0: Called Strike 1-1: 3-RUN HOME RUN (Flyball, 78XD), Distance : 407 ft
|
Batting: RHB Juan Gonzáles
|
0-0: Ball 1-0: Called Strike 1-1: Swinging Strike 1-2: Strikes out swinging
|
Batting: RHB Jesús Espinoza
|
0-0: Ball 1-0: Foul Ball, location: 2F 1-1: Foul Ball, location: 2F 1-2: Foul Ball, location: 2F 1-2: Ground out 4-3 (Groundball, 4)
|
Bottom of the 1st over - 5 run(s), 2 hit(s), 0 error(s), 0 left on base; District 9 0 - Mile High 5 |
TOP OF THE 2ND |
District 9 Prawns batting - Pitching for Mile High Broncos : RHP Fernand Picard
|
Batting: RHB Alfredo Cortéz
|
0-0: Ball 1-0: Called Strike 1-1: Ball 2-1: Ball 3-1: Swinging Strike 3-2: Base on Balls
|
Batting: RHB Lúcio García
|
0-0: Called Strike 0-1: Ball 1-1: Grounds into double play, 5-4-3 (Groundball, 56)
|
Batting: RHB Bill Beck
|
0-0: Ball 1-0: Reached on error, E6 (Groundball, 6)
|
Batting: LHB Brian Roy
|
0-0: Called Strike 0-1: Swinging Strike 0-2: Foul Ball, location: 2F 0-2: Fly out, F7 (Flyball, 7S)
|
Top of the 2nd over - 0 run(s), 0 hit(s), 1 error(s), 1 left on base; District 9 0 - Mile High 5 |
BOTTOM OF THE 2ND |
Mile High Broncos batting - Pitching for District 9 Prawns : RHP Víctor Ventura
|
Batting: RHB Evan Robinson
|
0-0: Called Strike 0-1: Swinging Strike 0-2: Strikes out looking
|
Batting: RHB Damian Yates
|
0-0: Swinging Strike 0-1: Swinging Strike 0-2: Ball 1-2: Ball 2-2: Foul Ball, location: 2F 2-2: Strikes out swinging
|
Batting: LHB Diego González
|
0-0: Foul Ball, location: 2F 0-1: Fly out, F8 (Flyball, 8RM)
|
Bottom of the 2nd over - 0 run(s), 0 hit(s), 0 error(s), 0 left on base; District 9 0 - Mile High 5 |
TOP OF THE 3RD |
District 9 Prawns batting - Pitching for Mile High Broncos : RHP Fernand Picard
|
Batting: SHB Mark Pope
|
0-0: Ball 1-0: Called Strike 1-1: Ball 2-1: Fly out, F7 (Flyball, 78M)
|
Batting: RHB Manuel Cortéz
|
0-0: Foul Ball, location: 2F 0-1: Foul Ball, location: 2F 0-2: Ball 1-2: Strikes out swinging
|
Batting: LHB Enrique Nalasco
|
0-0: Fly out, F8 (Flyball, 8RM)
|
Top of the 3rd over - 0 run(s), 0 hit(s), 0 error(s), 0 left on base; District 9 0 - Mile High 5 |
BOTTOM OF THE 3RD |
Mile High Broncos batting - Pitching for District 9 Prawns : RHP Víctor Ventura
|
Batting: RHB Juan Jose Guevana
|
0-0: SINGLE (Groundball, 56)
|
Batting: LHB Bill Houston
|
0-0: Called Strike 0-1: Ball 1-1: Ball 2-1: Foul Ball, location: 2F 2-2: Foul Ball, location: 2F 2-2: Strikes out swinging
|
Batting: SHB Tom Stevens
|
0-0: Called Strike 0-1: Grounds into double play, 4-6-3 (Groundball, 4)
|
Bottom of the 3rd over - 0 run(s), 1 hit(s), 0 error(s), 0 left on base; District 9 0 - Mile High 5 |
TOP OF THE 4TH |
District 9 Prawns batting - Pitching for Mile High Broncos : RHP Fernand Picard
|
Batting: RHB Alonso Holguín
|
0-0: Ball 1-0: Called Strike 1-1: Swinging Strike 1-2: DOUBLE (Flyball, 8RS)
|
Batting: LHB Leland Hardy
|
0-0: Called Strike 0-1: Called Strike 0-2: Strikes out swinging
|
Batting: RHB Alfredo Cortéz
|
0-0: Called Strike 0-1: Ball 1-1: SINGLE (Line Drive, 8RS) Alonso Holguín to third Runner from 3rd tries for Home, SAFE, throw made home Alfredo Cortéz to second
|
Batting: RHB Lúcio García
|
0-0: Called Strike 0-1: Foul Ball, location: 2F 0-2: Strikes out swinging
|
Batting: RHB Bill Beck
|
0-0: Fly out, F8 (Flyball, 8RD)
|
Top of the 4th over - 1 run(s), 2 hit(s), 0 error(s), 1 left on base; District 9 1 - Mile High 5 |
BOTTOM OF THE 4TH |
Mile High Broncos batting - Pitching for District 9 Prawns : RHP Víctor Ventura
|
Batting: RHB José Herrera
|
0-0: Called Strike 0-1: Ball 1-1: Ball 2-1: Ball 3-1: Fly out, F8 (Flyball, 89D)
|
Batting: RHB Juan Gonzáles
|
0-0: Foul Ball, location: 2F 0-1: Ball 1-1: Swinging Strike 1-2: Ball 2-2: SOLO HOME RUN (Flyball, 7D), Distance : 380 ft
|
Batting: RHB Jesús Espinoza
|
0-0: Ball 1-0: Called Strike 1-1: Called Strike 1-2: Fly out, F7 (Flyball, 7D)
|
Batting: RHB Evan Robinson
|
0-0: Ball 1-0: Ball 2-0: Ball 3-0: Base on Balls
|
Batting: RHB Damian Yates
|
0-0: Foul Ball, location: 2F 0-1: Foul Ball, location: 2F 0-2: Ground out 4-3 (Groundball, 34)
|
Bottom of the 4th over - 1 run(s), 1 hit(s), 0 error(s), 1 left on base; District 9 1 - Mile High 6 |
TOP OF THE 5TH |
District 9 Prawns batting - Pitching for Mile High Broncos : RHP Fernand Picard
|
Batting: LHB Brian Roy
|
0-0: Ball 1-0: Ground out 4-3 (Groundball, 4)
|
Batting: SHB Mark Pope
|
0-0: Ball 1-0: Ball 2-0: Ball 3-0: Called Strike 3-1: Base on Balls
|
Batting: RHB Manuel Cortéz
|
0-0: Foul Ball, location: 2F 0-1: Fly out, F8 (Flyball, 8RXD)
|
Batting: LHB Enrique Nalasco
|
0-0: Swinging Strike 0-1: Fly out, F8 (Line Drive, 8LM)
|
Top of the 5th over - 0 run(s), 0 hit(s), 0 error(s), 1 left on base; District 9 1 - Mile High 6 |
BOTTOM OF THE 5TH |
Mile High Broncos batting - Pitching for District 9 Prawns : RHP Víctor Ventura
|
Batting: LHB Diego González
|
0-0: Called Strike 0-1: Ground out 4-3 (Groundball, 4)
|
Batting: RHB Juan Jose Guevana
|
0-0: Foul Ball, location: 2F 0-1: Ball 1-1: Ball 2-1: Called Strike 2-2: Foul Ball, location: 2F 2-2: Ball 3-2: Ground out 1-5-3 (Groundball, 15S)
|
Batting: LHB Bill Houston
|
0-0: Called Strike 0-1: Ball 1-1: SINGLE (Line Drive, 8RS)
|
Batting: SHB Tom Stevens
|
0-0: Ball 1-0: SINGLE (Groundball, 25) (infield hit) Bill Houston to second
|
Batting: RHB José Herrera
|
0-0: Called Strike 0-1: Ball 1-1: Called Strike 1-2: SINGLE (Groundball, 4MD) Bill Houston to third Tom Stevens to second Runner from 3rd tries for Home, SAFE, no throw or cutoff
|
Pitching: RHP Alberto Vega
|
|
Batting: RHB Juan Gonzáles
|
0-0: Called Strike 0-1: Ball 1-1: Swinging Strike 1-2: Strikes out looking
|
Bottom of the 5th over - 1 run(s), 3 hit(s), 0 error(s), 2 left on base; District 9 1 - Mile High 7 |
TOP OF THE 6TH |
District 9 Prawns batting - Pitching for Mile High Broncos : RHP Fernand Picard
|
Batting: RHB Alonso Holguín
|
0-0: Swinging Strike 0-1: Fly out, F2 (Popup, 23F)
|
Batting: LHB Leland Hardy
|
0-0: Ball 1-0: Ground out U3 (Groundball, 3)
|
Batting: RHB Alfredo Cortéz
|
0-0: Ball 1-0: Called Strike 1-1: Ball 2-1: Foul Ball, location: 2F 2-2: Ball 3-2: Foul Ball, location: 2F 3-2: SINGLE (Line Drive, 8LS)
|
Batting: RHB Lúcio García
|
0-0: Called Strike 0-1: Ball 1-1: Ball 2-1: Foul Ball, location: 2F 2-2: Foul Ball, location: 2F 2-2: Ball 3-2: Base on Balls Alfredo Cortéz to second
|
Batting: RHB Bill Beck
|
0-0: Ball 1-0: Ball 2-0: 3-RUN HOME RUN (Flyball, 7LD), Distance : 379 ft
|
Batting: LHB Brian Roy
|
0-0: Fly out, F7 (Flyball, 7M)
|
Top of the 6th over - 3 run(s), 2 hit(s), 0 error(s), 0 left on base; District 9 4 - Mile High 7 |
BOTTOM OF THE 6TH |
Mile High Broncos batting - Pitching for District 9 Prawns : RHP Alberto Vega
|
Batting: RHB Jesús Espinoza
|
0-0: Foul Ball, location: 2F 0-1: Ball 1-1: Swinging Strike 1-2: Fly out, F8 (Flyball, 8LD)
|
Batting: RHB Evan Robinson
|
0-0: Ball 1-0: Fly out, F1 (Line Drive, 15S)
|
Batting: RHB Damian Yates
|
0-0: Called Strike 0-1: Called Strike 0-2: Ball 1-2: Fly out, F9 (Flyball, 3D)
|
Bottom of the 6th over - 0 run(s), 0 hit(s), 0 error(s), 0 left on base; District 9 4 - Mile High 7 |
TOP OF THE 7TH |
District 9 Prawns batting - Pitching for Mile High Broncos : RHP Fernand Picard
|
Batting: SHB Mark Pope
|
0-0: Ball 1-0: Called Strike 1-1: Called Strike 1-2: Ground out U3 (Groundball, 3)
|
Batting: RHB Manuel Cortéz
|
0-0: Swinging Strike 0-1: Ball 1-1: Called Strike 1-2: Fly out, F8 (Flyball, 8LM)
|
Batting: LHB Enrique Nalasco
|
0-0: Called Strike 0-1: Swinging Strike 0-2: Strikes out swinging
|
Top of the 7th over - 0 run(s), 0 hit(s), 0 error(s), 0 left on base; District 9 4 - Mile High 7 |
BOTTOM OF THE 7TH |
Mile High Broncos batting - Pitching for District 9 Prawns : RHP Alberto Vega
|
Batting: LHB Diego González
|
0-0: Ball 1-0: Foul Ball, location: 2F 1-1: Ground out 6-3 (Groundball, 6M)
|
Batting: RHB Juan Jose Guevana
|
0-0: Called Strike 0-1: Called Strike 0-2: Ball 1-2: Strikes out swinging
|
Batting: LHB Bill Houston
|
0-0: Called Strike 0-1: Foul Ball, location: 2F 0-2: Ball 1-2: Ball 2-2: Ball 3-2: Ground out 6-3 (Groundball, 6M)
|
Bottom of the 7th over - 0 run(s), 0 hit(s), 0 error(s), 0 left on base; District 9 4 - Mile High 7 |
TOP OF THE 8TH |
District 9 Prawns batting - Pitching for Mile High Broncos : RHP Fernand Picard
|
Pitching: RHP Dave Powers
|
|
Batting: RHB Alonso Holguín
|
0-0: Ball 1-0: Foul Ball, location: 2F 1-1: Ball 2-1: Ball 3-1: SINGLE (Line Drive, 78S)
|
Pitching: LHP Jorge García
|
|
Batting: LHB Leland Hardy
|
0-0: Ball 1-0: DOUBLE (Line Drive, 9LS) Alonso Holguín to third
|
Pitching: RHP Myoung-chul Im
|
|
Batting: RHB Alfredo Cortéz
|
0-0: Ball 1-0: Ground out U3 (Groundball, 3)
|
Batting: RHB Lúcio García
|
0-0: Called Strike 0-1: Swinging Strike 0-2: Strikes out looking
|
Batting: RHB Bill Beck
|
0-0: Called Strike 0-1: Called Strike 0-2: Ball 1-2: Ground out 4-3 (Groundball, 4M)
|
Top of the 8th over - 0 run(s), 2 hit(s), 0 error(s), 2 left on base; District 9 4 - Mile High 7 |
BOTTOM OF THE 8TH |
Mile High Broncos batting - Pitching for District 9 Prawns : RHP Alberto Vega
|
Pitching: RHP Troy Keough
|
|
Batting: SHB Tom Stevens
|
0-0: Called Strike 0-1: Ball 1-1: Foul Ball, location: 2F 1-2: Fly out, F7 (Flyball, 7LSF)
|
Batting: RHB José Herrera
|
0-0: Ball 1-0: Ball 2-0: Called Strike 2-1: Ground out 5-3 (Groundball, 5)
|
Batting: RHB Juan Gonzáles
|
0-0: Foul Ball, location: 2F 0-1: Ball 1-1: SINGLE (Groundball, 13) (infield hit)
|
Batting: RHB Jesús Espinoza
|
0-0: Foul Ball, location: 2F 0-1: Called Strike 0-2: Foul Ball, location: 2F 0-2: Ball 1-2: Ground out 5-3 (Groundball, 56)
|
Bottom of the 8th over - 0 run(s), 1 hit(s), 0 error(s), 1 left on base; District 9 4 - Mile High 7 |
TOP OF THE 9TH |
District 9 Prawns batting - Pitching for Mile High Broncos : RHP Myoung-chul Im
|
Pitching: RHP Yong-taek Yi
|
|
Batting: LHB Brian Roy
|
0-0: Fly out, F8 (Popup, 8LS)
|
Batting: SHB Mark Pope
|
0-0: Ground out 6-3 (Groundball, 6M)
|
Batting: RHB Manuel Cortéz
|
0-0: Ball 1-0: Foul Ball, location: 2F 1-1: SINGLE (Line Drive, 34)
|
Batting: LHB Enrique Nalasco
|
0-0: Called Strike 0-1: SINGLE (Line Drive, 34D) Manuel Cortéz to second Runner from 2nd tries for 3rd, SAFE, throw made to third
|
Batting: RHB Alonso Holguín
|
0-0: Ball 1-0: Ground out 6-3 (Groundball, 6)
|
Top of the 9th over - 0 run(s), 2 hit(s), 0 error(s), 2 left on base; District 9 4 - Mile High 7 |
|